 Dungeon Crawl Stone Soup version 0.31-a0-16-g6d2539766c (webtiles) character file.

Game seed: 1374794768370863494

7 subawu the Shooter (level 1, -4/18 HPs)
             Began as a Minotaur Hunter on May 8, 2023.
             Slain by a goblin
             ... wielding a +2 dagger of protection
              (5 damage)
             ... on level 1 of the Dungeon.
             The game lasted 00:01:06 (175 turns).

subawu the Shooter (Minotaur Hunter)                 Turns: 175, Time: 00:01:06

Health: -4/18      AC:  3    Str: 15    XL:     1   Next: 83%
Magic:  0/0        EV: 12    Int:  6    God:
Gold:   15         SH:  0    Dex: 13    Spells: 0/0 levels left

rFire   . . .        a - +1 shortbow
rCold   . . .        (shield currently unavailable)
rNeg    . . .        c - +0 leather armour
rPois   .            (helmet restricted)
rElec   .            (no cloak)
rCorr   .            (no gloves)
SInv    .            (no boots)
Will    .....        (no amulet)
Stlth   +            (no ring)
HPRegen 0.23/turn    (no ring)
MPRegen 0.07/turn

%: no passive effects
@: no status effects
A: horns 2, retaliatory headbutt
a: no special abilities


You were on level 1 of the Dungeon.
You visited 1 branch of the dungeon, and saw 1 of its levels.

You collected 15 gold pieces.

Inventory:

Hand Weapons
 a - a +1 shortbow (weapon)
Armour
 c - a +0 leather armour (worn)
Scrolls
 b - a scroll of immolation
 e - a scroll of teleportation {unknown}


   Skills:
 + Level 2.9 Fighting
 + Level 4.6 Ranged Weapons
 + Level 2.2 Dodging
 + Level 0.7 Stealth


You couldn't memorise any spells.
You didn't know any spells.
Your spell library was empty.

Dungeon Overview and Level Annotations

Branches:
Dungeon (1/15)

Altars:


Innate Abilities, Weirdness & Mutations

You have a pair of horns on your head.
You reflexively headbutt those who attack you in melee.


Message History

The goblin hits you but does no damage.
You see here 12 gold pieces.
The goblin attacks as you move away!
The goblin hits you with a +2 dagger of protection.
You shoot an arrow. The arrow barely misses the goblin.
The goblin barely misses you.
You shoot an arrow.
The arrow hits the goblin but does no damage.
The goblin hits you with a +2 dagger of protection.
The goblin closely misses you. You furiously retaliate!
You headbutt the goblin. You shoot an arrow.
The arrow closely misses the goblin.
The goblin hits you with a +2 dagger of protection.
You shoot an arrow. The arrow hits the goblin.
The goblin is severely wounded.
The goblin hits you with a +2 dagger of protection.
The frilled lizard bites you but does no damage.
You shoot an arrow. The arrow closely misses the goblin.
The goblin hits you with a +2 dagger of protection.
The frilled lizard barely misses you.
The goblin hits you with a +2 dagger of protection.
* * * LOW HITPOINT WARNING * * *
The frilled lizard closely misses you.
You shoot an arrow.
The arrow barely misses the frilled lizard.
The goblin misses you. The frilled lizard closely misses you.
You shoot an arrow.
The arrow closely misses the frilled lizard.
The goblin hits you but does no damage.
The frilled lizard hisses.
The frilled lizard barely misses you.
You shoot an arrow. The arrow hits the frilled lizard!
You kill the frilled lizard!
The goblin hits you but does no damage.
The goblin hits you with a +2 dagger of protection.
* * * LOW HITPOINT WARNING * * *
The goblin hits you with a +2 dagger of protection.
* * * LOW HITPOINT WARNING * * *
The goblin hits you with a +2 dagger of protection.
You die...

#.... §...§.≈.≈ ##....
§§.≈.≈.≈. ......
≈§.≈...≈ #.?.#####
..≈.....
.###.......######.§..§§.
.....#.............≈≈§≈≈
#......#######....§§..
#.....................
..#...@g####.##........
.....##...##. ##.######
.#..# ###....# #.## ...
.#..# #..# .. .#..#
##.## .#...##..# ..
#.....## .. ##.....#
#### ... #.###.###


You could see a goblin.

Vanquished Creatures
  2 endoplasms (D:1)
  A jackal (D:1)
  A quokka (D:1)
  A bat (D:1)
  A frilled lizard (D:1)
6 creatures vanquished.

Notes
Turn   | Place    | Note
-------+----------+-------------------------------------------
     0 | D:1      | subawu the Minotaur Hunter began the quest for the Orb.
     0 | D:1      | Reached XP level 1. HP: 18/18 MP: 0/0
   151 | D:1      | Found a faded altar of an unknown god.
   175 | D:1      | Slain by a goblin

Illustrated notes

Levels and vault maps discovered:
D:1:      lightli_arrival_boilingwater, layout_rooms,
          shapermc_ecumenical_altar_starsandcircs

Action                     || total
---------------------------++-------
   Fire: Shortbow          ||    16
    Use: Scroll            ||     1
 Armour: Leather armour    ||    10
  Dodge: Dodged            ||    20

Table legend: (Time is in decaauts)
 A = Elapsed time spent in this place.
 B = Non-inter-level travel time spent in this place.
 C = Inter-level travel time spent in this place.
 D = Time resting spent in this place.
 E = Time spent auto-exploring this place.
 F = Levels seen in this place.
 G = Mean time per level.
                   A        B        C        D        E       F      G
               +--------+--------+--------+--------+--------+-----+--------+
         Total |    184 |    184 |      0 |      0 |      0 |   1 |  184.0 |
       Dungeon |    184 |    184 |      0 |      0 |      0 |   1 |  184.0 |
               +--------+--------+--------+--------+--------+-----+--------+

Top non-repeatable levels by time:
     D:1: 184 daAuts
